 Dungeon Crawl Stone Soup version 0.18-a0-455-gc7d4c65 (webtiles) character file.

65 4thArraOfDagon the Insei (level 3, 12/29 HPs)
             Began as a Mummy Monk on Dec 1, 2015.
             Quit the game on level 7 of the Dungeon.
             The game lasted 00:06:27 (1063 turns).

4thArraOfDagon the Insei (Mummy Monk)               Turns: 1063, Time: 00:06:28

Health: 12/29      AC: 11    Str: 14    XL:     3   Next: 94%
Magic:  3/3        EV:  7    Int: 10    God:
Gold:   42         SH:  0    Dex: 14    Spells: 0 memorised, 2 levels left

rFire  . . .     SeeInvis .     d - +1 falchion "Weiq" {speed, rPois} (curse)
rCold  + . .     Clarity  .     g - +0 chain mail
rNeg   + + +     SustAt   .     (no shield)
rPois  ∞         Gourm    .     (no helmet)
rElec  .         Spirit   .     (no cloak)
rCorr  .         Dsmss    .     (no gloves)
rMut   .         Stasis   .     (no boots)
MR     .....                    (no amulet)
Stlth  ..........               e - ring of protection from fire
                                b - +3 ring of protection

@: very slightly contaminated, not resistant to hostile enchantments, extremely
unstealthy
A: no food or potions, fire vulnerability, cold resistance 1, negative energy
resistance 3, torment resistance, unbreathing
a: no special abilities


You were on level 7 of the Dungeon.
You were not hungry.

You visited 1 branch of the dungeon, and saw 7 of its levels.

You collected 42 gold pieces.

Inventory:

Hand Weapons
 d - the cursed +1 falchion "Weiq" (weapon) {speed, rPois}
   (You found it on level 6 of the Dungeon)

   Attacks with this weapon are significantly faster.
   It protects you from poison.
   It has a curse placed upon it.
Armour
 g - a +0 chain mail (worn)
Jewellery
 a - a +4 ring of dexterity
 b - a +3 ring of protection (left hand)
 e - a ring of protection from fire (right hand)
 h - an uncursed ring of stealth
Books
 f - a book of Enchantments

   Spells                             Type                      Level
   a - Cause Fear                     Hexes                        4
   b - Yara's Violent Unravelling     Hexes/Transmutation          5
   c - Silence                        Hexes/Air                    5
   d - Deflect Missiles               Charms/Air                   6
   e - Haste                          Charms                       6
   f - Discord                        Hexes                        8


   Skills:
 + Level 3.2 Fighting
 + Level 1.0 Armour
 + Level 2.7 Dodging
 + Level 2.1 Stealth
 * Level 3.8 Unarmed Combat


You had 2 spell levels left.
You didn't know any spells.

Dungeon Overview and Level Annotations

Branches:
Dungeon (7/15)
 Temple: D:4-7

Altars:
Trog
The Shining One

Shops:
D:4 [

Annotations:
D:5 Blork the orc, Prince Ribbit
D:6 nublet's ghost, novice CeSk
D:7 Joseph


Innate Abilities, Weirdness & Mutations

You do not eat or drink.
Your flesh is vulnerable to fire.
You are immune to poison.
Your flesh is cold resistant.
You are immune to negative energy.
You are immune to unholy pain and torment.
You can survive without breathing.


Message History

An orc wizard comes into view. It is wielding a dagger.
Unknown command.
Unknown command.
Joseph, a Mercenary comes into view.
He is wielding a quarterstaff.
Joseph shouts!
Joseph unwields an uncursed quarterstaff.
Joseph wields a hunting sling.
Joseph shoots a sling bullet.
The sling bullet closely misses you.
You see here a sling bullet.
A centaur comes into view.
The centaur wields a shortbow.
The centaur shoots an arrow.
The arrow hits you.
Joseph shoots a sling bullet.
The sling bullet hits you but does no damage.
Things that are here:
a sling bullet; an arrow Unknown command.
Unknown command.
Are you sure you want to abandon this character and quit the game? (Confirm with "yes".)
Okay, then.
Are you sure you want to abandon this character and quit the game? (Confirm with "yes".)

###########
#.o@......c
#o####@.###
#.##.####..##
#...<......#
#.#..##.#...#
#. #o!. .. .
.. ...## ##
o. ..o.
....o..


You could see Joseph, a centaur and 2 orcs.

Vanquished Creatures
  3 adders
  An adder skeleton (D:4)
  A giant gecko (D:1)
  5 orcs
  2 giant cockroaches (D:1)
  3 goblins (D:1)
  4 hobgoblins
  3 bats
  4 giant newts
  3 kobolds
  3 rats
32 creatures vanquished.

Notes
Turn   | Place    | Note
--------------------------------------------------------------
     0 | D:1      | 4thArraOfDagon the Mummy Monk began the quest for the Orb.
     0 | D:1      | Reached XP level 1. HP: 18/18 MP: 1/1
   186 | D:1      | Reached XP level 2. HP: 24/24 MP: 2/2
   357 | D:3      | Reached XP level 3. HP: 14/29 MP: 3/3
   533 | D:3      | Noticed a big kobold
   573 | D:4      | Reached skill level 1 in Armour
   699 | D:4      | Found a glowing golden altar of the Shining One.
   762 | D:4      | Found a bloodstained altar of Trog.
   762 | D:4      | Noticed an eye of draining
   763 | D:4      | Noticed an eye of draining
   767 | D:5      | Entered Level 5 of the Dungeon
   767 | D:5      | Noticed Blork the orc
   767 | D:5      | Noticed a wyvern
   770 | D:4      | Found Raonuuw's Armour Shoppe.
   793 | D:5      | Noticed Prince Ribbit
   799 | D:5      | Noticed a scorpion
   968 | D:6      | Got an encrusted falchion
   970 | D:6      | Identified the cursed +1 falchion "Weiq" {speed, rPois} (You found it on level 6 of the Dungeon)
   972 | D:6      | :)
  1000 | D:7      | Noticed a scorpion
  1025 | D:6      | Noticed nublet's ghost (novice CeSk)
  1028 | D:6      | Noticed an ice beast
  1037 | D:6      | RIP
  1061 | D:7      | Noticed Joseph
  1062 | D:7      | Noticed a centaur
  1063 | D:7      | Quit the game

Vault maps used:
D:1:      dpeg_arrival_another_circle
D:2:      kennysheep_the_goblin_king, nicolae_ru_the_path_less_chosen,
          lemuel_crystal_altar, lemuel_round_altar, first_bread,
          hangedman_decor_push
D:3:      lemuel_doored_altar
D:4:      nicolae_tso_besieged_by_evil, nicolae_gozag_seed_capital,
          serial_shops, nicolae_shop_waterfront, trog_eyes_of_draining
D:5:      nicolae_qazlal_eye_of_the_storm, ashenzari_conservatory_becter,
          minmay_strange_pillars, uniq_prince_ribbit1, uniq_blork_the_orc
D:6:      grunt_temple_overflow_lords_of_destruction, uniq_menkaure
D:7:      nemelex_deck, minmay_temple_entry_mist, serial_shops,
          nicolae_shop_overgrown_old_shop, minivault_23, grunt_livestock,
          uniq_joseph

Action                   || total
-------------------------++-------
Melee: Unarmed           ||   138
       Falchion          ||     2
  Use: Scroll            ||     8
 Stab: Sleeping          ||     4
